 Dungeon Crawl Stone Soup version 0.28.0-53-g5a82cb258f (webtiles) character file.

Game seed: 6644744561603332065

14 LynnLen the Sneak (level 2, -1/19 HPs)
             Began as a Vampire Enchanter on Aug 10, 2022.
             Slain by a quokka (4 damage)
             ... on level 1 of the Dungeon.
             The game lasted 00:02:39 (332 turns).

LynnLen the Sneak (Vampire Enchanter)                Turns: 332, Time: 00:02:40

Health: -1/19      AC:  2    Str:  7    XL:     2   Next: 27%
Magic:  5/5        EV: 12    Int: 17    God:
Gold:   42         SH:  0    Dex: 14    Spells: 5/5 levels left

rFire   . . .      SeeInvis +   a - +1 dagger
rCold   . . .      Faith    .   (no shield)
rNeg    . . .      Spirit   .   b - +0 robe
rPois   .          Reflect  .   (no helmet)
rElec   .          Harm     .   (no cloak)
rCorr   .          Rampage  .   (no gloves)
Will    .....                   (no boots)
Stlth   +++.......              (no amulet)
HPRegen 0.26/turn               (no ring)
MPRegen 0.09/turn               (no ring)

@: healing quickly
A: alive, fangs 3, see invisible, vampiric 1
a: Exsanguinate


You were on level 1 of the Dungeon.
You visited 1 branch of the dungeon, and saw 1 of its levels.

You collected 42 gold pieces.

Inventory:

Hand Weapons
 a - a +1 dagger (weapon)
Missiles
 d - 29 stones (quivered)
 e - 5 boomerangs
 f - 6 poisoned darts
Armour
 b - a +0 robe (worn)
Potions
 c - a potion of invisibility


   Skills:
 * Level 2.2 Short Blades
 - Level 2.1 Dodging
 + Level 4.8 Stealth
 - Level 2.0 Spellcasting
 - Level 4.4 Hexes


You had 5 spell levels left.
You didn't know any spells.
Your spell library contained the following spells:

 Spells                   Type           Power      Damage    Failure   Level
 Confusing Touch          Hex            16%        N/A       10%         3
 Tukima's Dance           Hex            16%        N/A       10%         3
 Ensorcelled Hibernation  Hex/Ice        18%        N/A       12%         2
 Dazzling Flash           Conj/Hex       18%        N/A       24%         3


Dungeon Overview and Level Annotations

Branches:
Dungeon (1/15)

Altars:


Innate Abilities, Weirdness & Mutations

Your natural rate of healing is accelerated.
You have razor-sharp teeth.
You have supernaturally acute eyesight. (SInv)
You are afflicted with vampirism.


Message History

There is a stone staircase leading down here.
Found a ring mail.
A frilled lizard comes into view.
A frilled lizard is nearby!
A quokka comes into view.
Found a scroll labelled CUVAARHIRAE and 2 scrolls labelled UKKAD UDYCLY.
You closely miss the quokka. The quokka closely misses you.
You completely miss the quokka.
The frilled lizard hisses angrily.
The quokka bites you.
You hit the quokka.
The quokka is heavily wounded.
The quokka bites you but does no damage.
You hit the quokka.
The quokka is heavily wounded.
The quokka bites you.
You miss the quokka.
The quokka is heavily wounded.
The quokka bites you.
You closely miss the quokka.
The quokka is heavily wounded.
The quokka bites you.
The quokka bites you but does no damage.
You miss the quokka.
The quokka is heavily wounded.
The frilled lizard bites you. The quokka bites you.
* * * LOW HITPOINT WARNING * * *
You hit the quokka.
The quokka is almost dead.
The frilled lizard bites you but does no damage.
The quokka closely misses you.
You hit the quokka but do no damage.
The quokka is almost dead.
The frilled lizard barely misses you. The quokka barely misses you.
You barely miss the quokka.
The quokka is almost dead.
The frilled lizard bites you.
* * * LOW HITPOINT WARNING * * *
The quokka bites you.
You die...

##############
#......>.....#
)....######..###########
####.# #.............
.....# ##.###....[...
####.# #.# #@l...... #.#
#.# #r.....?. #.. #.#
##....... ..# #.#
?...... # #.# .....?.
#.# ###.### .# #


You could see a quokka and a frilled lizard.

Vanquished Creatures
  A dart slug (D:1)
  A giant cockroach (D:1)
  3 goblins (D:1)
  A hobgoblin (D:1)
  A quokka (D:1)
  A frilled lizard (D:1)
  A kobold (D:1)
  2 rats (D:1)
11 creatures vanquished.

Notes
Turn   | Place    | Note
-------+----------+-------------------------------------------
     0 | D:1      | LynnLen the Vampire Enchanter began the quest for the Orb.
     0 | D:1      | Reached XP level 1. HP: 13/13 MP: 3/3
   138 | D:1      | Reached XP level 2. HP: 19/19 MP: 5/5
   287 | D:1      | Found a faded altar of an unknown god.
   332 | D:1      | Slain by a quokka

Illustrated notes

Levels and vault maps discovered:
D:1:      wheals_arrival_linesprint, layout_loops_ring, serial_shops,
          nicolae_shop_hallway_plus, ebering_ecumenical_altar_box,
          minmay_indecisive_spiral

Skill      XL: |  1 |
---------------+----+-----
Short Blades   | 2 |  2.2
Dodging        | |  2.1
Stealth        | |  4.8
Spellcasting   | |  2.0
Hexes          | |  4.4

Action                   || total
-------------------------++-------
Melee: Dagger            ||    57
       Bite              ||     4
 Stab: Sleeping          ||     2
Armor: Robe              ||     9
Dodge: Dodged            ||    30
